 Dungeon Crawl Stone Soup version 0.31.0-11-ge490571c62 (webtiles) character file.

Game seed: 16455241962753701618

806 bearlyready the Changeling (level 7, -4/43 HPs)
             Began as an Octopode Shapeshifter on Feb 5, 2024.
             Killed by divine providence
             ... invoked by an orc priest
              (11 damage)
             ... on level 5 of the Dungeon.
             The game lasted 00:06:21 (2698 turns).

bearlyready the Changeling (Octopode Shapeshifter)  Turns: 2698, Time: 00:06:22

Health: -4/43      AC:  1    Str: 15    XL:     7   Next: 91%
Magic:  7/7        EV: 13    Int: 12    God:
Gold:   180        SH:  0    Dex: 12    Spells: 6/6 levels left

rFire   . . .        e - +2 dagger (venom)
rCold   x . .        (no shield)
rNeg    . . .        (helmet currently unavailable)
rPois   .            (no amulet)
rElec   .            (no ring)
rCorr   .            (no ring)
SInv    .            (no ring)
Will    .....        (no ring)
Stlth   +++          (no ring)
HPRegen 0.27/turn    (no ring)
MPRegen 0.10/turn    (no ring)
                     (no ring)

%: clarity
@: beast-form, marked
A: beast (slay +4), almost no armour, amphibious, 8 rings, camouflage 1,
gelatinous body 1, nimble swimmer 1, tentacles, clarity, screaming 1, cold
vulnerability 1
a: Begin Untransformation


You were on level 5 of the Dungeon.
You were a hulking beast.
You visited 1 branch of the dungeon, and saw 5 of its levels.

You collected 180 gold pieces.

Inventory:

Hand Weapons
 e - a +2 dagger of venom (weapon)
Missiles
 a - a curare-tipped dart (quivered)
Armour
 k - a +0 tower shield
Talismans
 b - a beast talisman
 c - a flux talisman
Wands
 n - a wand of polymorph (8)
Potions
 f - a potion of resistance


   Skills:
 - Level 1.0 Fighting
 - Level 2.0 Dodging
 + Level 4.6 Unarmed Combat
 - Level 3.0 Evocations
 + Level 7.2 Shapeshifting


You had 6 spell levels left.
You didn't know any spells.
Your spell library contained the following spells:

 Spells                   Type           Power      Damage    Failure   Level
 Dazzling Flash           Conj/Hex       0%         N/A       69%         3
 Mephitic Cloud           Conj/Alch/Air  0%         N/A       69%         3
 Curse of Agony           Necr           0%         N/A       100%        5
 Silence                  Hex/Air        0%         N/A       100%        5


Dungeon Overview and Level Annotations

Branches:
Dungeon (5/15)
 Temple: D:4-7

Altars:
Okawaru


Innate Abilities, Weirdness & Mutations

You are a hulking beast.
Your limbs bulge with bestial killing power. (Slay +4)
You cannot wear most types of armour.
You are amphibious.
You can wear up to eight rings at the same time.
Your skin changes colour to match your surroundings (Stealth+).
Your rubbery body absorbs attacks. (AC +1, EV +1)
You are camouflaged when in or above water. (Stealth+)
You have tentacles for arms and can constrict up to eight enemies at once.
You possess an exceptional clarity of mind.
You occasionally shout uncontrollably at your foes.
You are vulnerable to cold. (rC-)


Message History

An orc comes into view. It is wielding a +0 short sword.
The gnoll bouda hits you with a +0 club.
The gnoll bouda mumbles some strange prayers to its god.
The gnoll bouda is healed somewhat.
The gnoll misses you.
You hear the rapid hiss of a very distant avalanche of sand.
The gnoll hits you with a +3 flail!
The gnoll bouda gazes fiercely through you!
You feel your attacks grow feeble.
An orc comes into view. It is wielding a +0 club.
An orc priest and a gnoll come into view.
The gnoll hits you with a +3 flail!
The gnoll moves out of view.
You aren't carrying any scrolls.
Okay, then.
There is a large open door here.
The orc closely misses you.
The orc priest hits you with a +0 dagger.
* * * LOW HITPOINT WARNING * * *
Items here: ))) [ †.
Your attacks no longer feel as feeble.
The orc priest attacks as it pursues you!
The orc priest hits you with a +0 dagger.
* * * LOW HITPOINT WARNING * * *
The orc attacks as it pursues you! The orc hits you with a +0 club.
* * * LOW HITPOINT WARNING * * *
The orc priest attacks as it pursues you!
The orc priest barely misses you. The orc attacks as it pursues you!
The orc hits you with a +0 club.
* * * LOW HITPOINT WARNING * * *
There is a huge open gate here.
The gnoll is no longer moving quickly.
The orc attacks as it pursues you! The orc hits you with a +0 club.
* * * LOW HITPOINT WARNING * * *
The gnoll bouda barks out a call to the hunt!
The gnolls pick up the pace!
You enter the shallow water.
A lemure comes into view.
The orc priest invokes the aid of Beogh against you.
Beogh smites you!
You die...

...............#
...............#
.<....###.###### ##.... #.#
##### #.##
###########..############
.5.......................
≈~~~~~~~~≈~....≈≈÷~~~~≈)~
≈≈≈≈≈≈≈≈h≈≈....~≈≈≈≈≈≈≈≈≈
~~~~≈~~~~~~....~≈≈~~~~≈~≈
..........oo.............
..
#############gg''##########
#'#........ #....#
#........# #.g..#
#..g.....# #....#
####'g#######gg..#
#.#.........#)).o#..


You could see a lemure, an orc priest, 3 gnolls and an orc.

Vanquished Creatures
  Sigmund (D:4)
  An ogre (D:5)
  A kobold brigand (D:5)
  A bullfrog (D:4)
  A scorpion (D:3)
  4 hounds
  An orc priest (D:4)
  A gnoll bouda (D:5)
  Jessica (D:2)
  An orc wizard (D:4)
  4 gnolls
  3 adders
  A white imp (D:5)
  A dart slug (D:1)
  10 orcs
  3 ball pythons (D:1)
  3 bats
  4 endoplasms
  6 giant cockroaches
  2 goblins
  6 hobgoblins
  4 jackals (D:5)
  6 kobolds
  2 frilled lizards (D:2)
  2 rats
70 creatures vanquished.

Notes
Turn   | Place    | Note
-------+----------+-------------------------------------------
     0 | D:1      | bearlyready the Octopode Shapeshifter began the quest for
                  | the Orb.
     0 | D:1      | Reached XP level 1. HP: 13/13 MP: 1/1
    99 | D:1      | Reached XP level 2. HP: 17/18 MP: 2/2
   608 | D:1      | Reached XP level 3. HP: 16/23 MP: 3/3
  1654 | D:2      | Noticed Jessica
  1674 | D:2      | Killed Jessica
  1675 | D:2      | Reached skill level 4 in Shapeshifting
  1675 | D:2      | Reached XP level 4. HP: 28/28 MP: 4/4
  1807 | D:3      | Found an iron altar of Okawaru.
  1839 | D:3      | Noticed a scorpion
  1849 | D:3      | Killed a scorpion
  1850 | D:3      | Reached skill level 5 in Shapeshifting
  1850 | D:3      | Reached XP level 5. HP: 33/33 MP: 5/5
  1852 | D:3      | You fall into a shaft and drop 1 floor!
  1927 | D:4      | Noticed Sigmund
  1937 | D:4      | Reached skill level 6 in Shapeshifting
  1937 | D:4      | Reached XP level 6. HP: 27/38 MP: 6/6
  1970 | D:4      | Reached skill level 1 in Evocations
  1988 | D:4      | Killed Sigmund
  1989 | D:4      | Reached XP level 7. HP: 11/43 MP: 7/7
  2080 | D:5      | Entered Level 5 of the Dungeon
  2344 | D:5      | Gained mutation: You possess an exceptional clarity of
                  | mind. [potion of mutation]
  2344 | D:5      | Gained mutation: You occasionally shout uncontrollably at
                  | your foes. [potion of mutation]
  2344 | D:5      | Gained mutation: You are vulnerable to cold. (rC-) [potion
                  | of mutation]
  2542 | D:5      | Reached skill level 7 in Shapeshifting
  2698 | D:5      | Killed from afar by an orc priest

Illustrated notes

Levels and vault maps discovered:
D:1:      zelgadis_glass_arrival_small, layout_basic
D:2:      layout_basic, minmay_misc_feat_tiny, minmay_strange_pillars,
          minmay_worlds_worst_comb, uniq_jessica
D:3:      layout_loops_ring, mainiacjoe_overflow_24_doors,
          nicolae_overflow_crystal_walls, nicolae_dithmenos_shadow_blocks,
          portal_sewer_entry_d, chequers_serial_rivers_room_a,
          serial_bayou_pond_e
D:4:      layout_cave_pools, nicolae_shop_vocational, uniq_ijyb, uniq_sigmund
D:5:      lemuel_castle_with_subvaults [lemuel_castle_interior_carwin_2],
          layout_basic, minmay_temple_entry_gardened_gates,
          gup_ossuary_entry_pyramid, serial_shops, shop, uniq_pikel

Skill      XL: |  1  2  3  4  5  6  7 |
---------------+----------------------+-----
Shapeshifting  | 4 5 6 7 |  7.2
Evocations     | 2 3 |  3.0
Unarmed Combat | 4 |  4.6
Fighting       | |  1.0
Dodging        | |  2.0

Action                     |  1- 3 |  4- 6 |  7- 9 || total
---------------------------+-------+-------+-------++-------
  Melee: Unarmed           |    29 |       |       ||    29
         Constrict         |    13 |     5 |    13 ||    31
         Dagger            |    39 |    60 |    58 ||   157
         Tentacles         |     8 |     5 |    13 ||    26
         Punch             |       |     1 |     3 ||     4
  Throw: Dart              |       |       |     2 ||     2
    Use: Scroll            |       |     3 |     1 ||     4
         Potion            |       |     6 |     2 ||     8
   Stab: Sleeping          |     8 |       |     1 ||     9
 Armour: Skin              |    13 |   106 |    42 ||   161
  Dodge: Dodged            |    39 |    23 |    33 ||    95
